Map: Simulacrum LE

Players

Labarca

  • Race: Zerg Zerg
  • League: Gold
  • Spawn Location: 11:00

Ratl - Winner!

  • Race: Protoss Protoss
  • League: Silver
  • Spawn Location: 5:00

VOD

Have the link to the VOD?

Description

Time

  • Played on: Feb. 5, 2020, 8:53 a.m.
  • Length: 14:10
Show
View Real Time Build Order
Export as new Build Order

Labarca Zerg 

Build Orders: Hatch First 

Get SALT Encoding   

  12  0:01  Drone  
  13  0:12  Overlord  
  13  0:21  Drone  
  14  0:31  Drone  
  14  0:32  Drone  
  16  0:51  Hatchery  
  16  0:55  Drone  
  16  1:06  Drone  
  17  1:14  Spawning Pool  
  17  1:16  Extractor  
  17  1:18  Drone  
  16  1:22  Drone  
  17  1:29  Drone  
  18  2:02  Zergling x4  
  18  2:03  Queen  
  18  2:05  Queen  
  18  2:07  Overlord  
  24  2:10  Drone  
  25  2:17  Drone  
  25  2:18  Drone  
  25  2:21  Metabolic Boost  
  27  2:37  Roach Warren  
  27  2:38  Drone  
  27  2:39  Drone x2  
  29  2:48  Drone x2  
  29  2:49  Drone  
  32  2:59  Zergling x2  
  32  3:00  Zergling x2  
  34  3:25  Zergling x2  
  34  3:26  Zergling x6  
  36  3:36  Overlord x2  
  36  3:47  Overlord  
  36  3:48  Overlord  
  36  3:50  Hatchery  
  36  3:51  Drone  
  36  3:52  Extractor  
  35  3:57  Queen  
  35  4:00  Lair  
  37  4:07  Evolution Chamber  
  37  4:08  Evolution Chamber  
  35  4:20  Drone  
  35  4:21  Drone x2  
  38  4:24  Roach x2  
  38  4:27  Roach  
  38  4:28  Drone  
  45  4:31  Drone  
  45  4:37  Pneumatized Carapace  
  46  4:44  Drone  
  47  4:46  Roach  
  47  4:50  Zerg Missile Weapons Level 1  
  49  5:02  Drone x3  
  49  5:04  Drone  
  49  5:05  Drone x2  
  55  5:09  Glial Reconstitution  
  55  5:19  Queen  
  55  5:20  Overlord  
  57  5:22  Drone  
  57  5:25  Drone  
  57  5:26  Drone  
  60  5:37  Hydralisk Den  
  60  5:41  Baneling Nest  
  58  5:56  Roach x4  
  68  5:57  Roach x2  
  68  5:58  Roach  
  68  5:59  Roach  
  68  6:00  Zergling x4  
  68  6:02  Drone  
  68  6:03  Drone  
  78  6:15  Muscular Augments  
  78  6:19  Extractor  
  78  6:21  Drone x2  
  78  6:22  Extractor  
  78  6:36  Overseer  
  78  6:44  Drone x2  
  78  6:45  Drone x2  
  78  6:46  Overlord x2  
  82  7:00  Overlord x3  
  82  7:22  Overseer  
  82  7:23  Overlord x2  
  82  7:24  Zergling x8  
  82  7:25  Zergling x8  
  82  7:26  Hydralisk x5  
  82  7:27  Hydralisk x2  
  104  7:33  Drone x2  
  104  7:47  Ravager x3  
  108  7:51  Zergling x6  
  99  8:01  Roach  
  99  8:02  Roach x5  
  99  8:03  Zergling x6  
  114  8:11  Roach x3  
  120  8:20  Infestation Pit  
  119  8:27  Drone x2  
  119  8:28  Drone x4  
  119  8:29  Drone x2  
  127  8:34  Zerg Ground Armor Level 1  
  127  8:39  Zergling x6  
  130  8:42  Extractor  
  130  8:43  Extractor  
  130  8:45  Roach x3  
  130  8:46  Zergling x4  
  136  8:51  Grooved Spines  
  119  9:08  Zergling x6  
  119  9:09  Roach x3  
  103  9:10  Zergling x2, Roach  
  103  9:11  Zergling x6  
  103  9:12  Roach  
  103  9:15  Zergling x4  
  88  9:25  Roach x4  
  88  9:26  Roach  
  98  9:31  Roach  
  98  9:32  Roach  
  100  9:48  Roach x4  
  100  9:49  Roach x3  
  100  9:50  Zergling x2  
  115  10:05  Centrifical Hooks  
  115  10:09  Drone  
  115  10:10  Drone x2  
  115  10:11  Drone x2  
  120  10:17  Drone x2  
  120  10:18  Zergling x2, Drone  
  120  10:19  Zergling x2, Overlord x3  
  120  10:20  Zergling x2  
  120  10:21  Zergling x2  
  127  10:25  Baneling  
  127  10:26  Baneling x6  
  127  10:27  Baneling x2  
  127  10:28  Baneling x4  
  127  10:29  Zergling x2  
  128  10:46  Overseer  
  128  10:47  Overlord x2  
  128  10:50  Hatchery, Roach x2  
  131  11:07  Hydralisk x3  
  131  11:08  Hydralisk x3  
  141  11:27  Hydralisk  
  141  11:28  Hydralisk x2  
  141  11:29  Roach x2  
  141  11:30  Roach  
  144  12:06  Zergling x4  
  144  12:07  Zergling x6  
  144  12:08  Roach x4  
  126  12:09  Roach x5  
  126  12:10  Roach x4  
  131  12:16  Overlord x2  
  131  12:18  Zergling x6  
  132  12:37  Zergling x10  
  134  12:38  Hydralisk x4  
  134  12:39  Hydralisk x2  
  134  12:40  Hydralisk x2  
  153  12:45  Ravager x4  
  153  12:46  Ravager x2  
  153  12:48  Roach x4  
  167  12:54  Hive  
  167  13:15  Zergling x6  
  167  13:16  Roach x3  
  167  13:17  Roach x2, Hydralisk  
  120  13:42  Roach x3  
  120  13:43  Roach x5  
  128  13:50  Roach x3  
Show
View Real Time Build Order
Export as new Build Order

Ratl Protoss - Winner!

Build Orders: Chargelot Immortal 

Get SALT Encoding   

  12  0:01  Probe  
  13  0:13  Probe  
  14  0:21  Pylon  
  14  0:25  Probe  
  15  0:40  Probe  
  16  0:46  Gateway  
  16  0:52  Probe  
  17  1:15  Probe  
  18  1:22  Gateway  
  18  1:26  Assimilator  
  18  1:27  Probe  
  19  1:39  Probe  
  20  1:50  Cybernetics Core  
  20  1:51  Probe  
  21  2:03  Probe  
  22  2:13  Nexus  
  22  2:15  Probe (Chrono Boost)  
  23  2:20  Assimilator  
  23  2:24  Pylon  
  23  2:31  Warp Gate (Chrono Boost)  
  23  2:36  Pylon  
  23  2:42  Probe  
  24  2:49  Stalker  
  26  2:54  Probe  
  27  3:02  Stalker  
  27  3:25  Probe (Chrono Boost)  
  26  3:30  Probe (Chrono Boost)  
  26  3:32  Stalker  
  29  3:37  Probe (Chrono Boost)  
  29  3:40  Stalker  
  33  3:45  Probe x2 (Chrono Boost)  
  34  3:52  Probe (Chrono Boost)  
  36  3:57  Probe (Chrono Boost)  
  36  3:59  Robotics Facility  
  36  4:04  Stalker  
  36  4:08  Probe  
  36  4:09  Probe  
  40  4:21  Probe x2  
  42  4:33  Probe x2  
  42  4:38  Pylon  
  44  4:45  Probe x2  
  46  4:50  Observer (Chrono Boost)  
  47  4:57  Probe x2  
  49  5:07  Immortal (Chrono Boost), Zealot x2  
  49  5:08  Assimilator  
  49  5:09  Probe x2  
  59  5:15  Gateway  
  59  5:21  Probe x2  
  61  5:33  Probe, Forge  
  62  5:46  Pylon  
  62  5:49  Pylon  
  62  5:51  Pylon  
  62  6:00  Pylon  
  62  6:02  Assimilator  
  62  6:04  Probe x2, Immortal  
  68  6:16  Probe x2  
  70  6:31  Probe x2  
  72  6:36  Zealot x3  
  78  6:40  Twilight Council  
  78  6:43  Probe x2, Protoss Ground Weapons Level 1 (Chrono Boost)  
  78  6:46  Immortal  
  84  6:49  Forge  
  84  6:52  Robotics Facility  
  84  6:54  Robotics Bay  
  84  6:59  Zealot x3  
  90  7:12  Probe x2  
  92  7:20  Zealot  
  94  7:28  Pylon  
  94  7:29  Charge, Protoss Ground Armor Level 1 (Chrono Boost)  
  94  7:33  Pylon  
  94  7:38  Pylon  
  94  7:46  Probe x2, Immortal  
  104  7:51  Immortal  
  104  8:00  Pylon  
  104  8:03  Probe x2, Nexus  
  106  8:15  Probe x2, Stalker x3  
  114  8:30  Gateway  
  114  8:31  Gateway  
  114  8:33  Gateway  
  114  8:36  Gateway x2  
  114  8:40  Probe x2  
  116  8:45  Zealot x2  
  116  8:46  Zealot  
  122  8:51  Warp Prism  
  122  8:52  Probe  
  96  9:12  Immortal  
  96  9:31  Probe x3  
  99  9:42  Observer  
  99  9:43  Probe x2  
  101  9:50  Stalker x3  
  101  9:51  Zealot x3, Stalker  
  101  9:52  Zealot  
  116  9:56  Immortal, Assimilator  
  120  10:00  Pylon  
  120  10:03  Assimilator  
  120  10:06  Pylon  
  120  10:10  Observer  
  120  10:13  Zealot x3  
  127  10:26  Zealot x5  
  137  10:31  Warp Prism  
  137  10:35  Dark Shrine  
  139  10:47  Colossus  
  145  10:56  Templar Archives  
  145  11:01  Nexus  
  145  11:07  Immortal  
  145  11:09  Pylon, Zealot  
  145  11:10  Zealot x2  
  155  11:11  Pylon  
  155  11:23  Protoss Ground Armor Level 2 (Chrono Boost)  
  155  11:30  Protoss Ground Weapons Level 2 (Chrono Boost)  
  155  11:34  Extended Thermal Lance  
  155  11:41  Immortal  
  123  12:10  Stalker x2  
  123  12:11  Zealot x3  
  123  12:12  Zealot  
  127  12:16  Probe (Chrono Boost)  
  127  12:19  Colossus  
  127  12:21  Probe x2 (Chrono Boost)  
  136  12:26  Probe (Chrono Boost)  
  139  12:30  Probe x2 (Chrono Boost)  
  139  12:34  High Templar x2  
  139  12:35  High Templar x2  
  139  12:36  High Templar x2  
  151  12:37  High Templar x2  
  151  12:39  Archon x2  
  151  12:40  Probe x2, Archon  
  151  12:41  Archon  
  151  12:43  Probe  
  158  12:52  Probe x2  
  158  12:55  Probe  
  165  12:58  Immortal  
  165  13:04  Probe x2  
  167  13:07  Observer  
  167  13:08  Probe  
  168  13:13  Immortal, Zealot x2  
  168  13:14  Zealot  
  164  13:37  Zealot x2  
  164  13:38  Zealot x4  
  164  13:39  Zealot  
  144  13:59  Stalker  
  144  14:00  Stalker x4  
  144  14:01  Stalker  
Tags
 
Add a new tag
Caveats
  • Supply blocks, unpowered buildings, or Contaminate may cause inaccurate times.
  • Supply counts are checked every 10 seconds.